 Dungeon Crawl Stone Soup version 0.28-a0-1227-ga9037bb4c8 (webtiles) character file.

Game seed: 5628649961776103494

3694 Lavandula the Transmogrifier (level 10, -8/85 HPs)
             Began as a Formicid Transmuter on Dec 22, 2021.
             Was an Initiate of Ru.
             Mangled by Harold (15 damage)
             ... on level 8 of the Dungeon.
             The game lasted 00:12:12 (9368 turns).

Lavandula the Transmogrifier (Formicid Transmuter)  Turns: 9368, Time: 00:12:12

Health: -8/85      AC:  8    Str: 17    XL:     10   Next: 35%
Magic:  14/17      EV: 10    Int: 15    God:    Ru [......]
Gold:   284        SH:  0    Dex: 11    Spells: 8/18 levels left

rFire   x . .      SeeInvis .     - Unarmed
rCold   + + +      Faith    .   (shield currently unavailable)
rNeg    . . .      Spirit   .   (armour currently unavailable)
rPois   +          Reflect  .   (helmet unavailable)
rElec   .          Harm     .   (cloak currently unavailable)
rCorr   .          Rampage  .   (gloves currently unavailable)
Will    +....                   (boots currently unavailable)
Stlth   +.........              (no amulet)
HPRegen 0.24/turn               (no ring)
MPRegen 0.15/turn               (no ring)

@: ice-form, marked, wereblooded
A: freezing attack, amphibious, boosted hp, permanent stasis, dig shafts and
tunnels, large, (antennae 3), four strong arms, (deformed body), robust 1
a: End Transformation, Renounce Religion


You were on level 8 of the Dungeon.
You worshipped Ru.
Ru was noncommittal.
You were a creature of crystalline ice.
You visited 2 branches of the dungeon, and saw 9 of its levels.

You collected 284 gold pieces.

Inventory:

Missiles
 f - a throwing net
Armour
 a - a +0 robe (melded)
 g - a +0 pair of boots (melded)
Jewellery
 o - a +6 ring of strength
Wands
 m - a wand of flame (24)
Scrolls
 i - a scroll of enchant armour {unknown}
 j - 2 scrolls of summoning {unknown}
 k - a scroll of enchant weapon
 n - a scroll of brand weapon
 p - a scroll of fear {unknown}
 q - a scroll of amnesia {unknown}
Potions
 b - 2 potions of flight {unknown}
 c - a potion of haste {unknown}
 d - a potion of curing {unknown}
 e - a potion of attraction {unknown}
 h - a potion of resistance {unknown}
 l - a potion of brilliance {unknown}


   Skills:
 - Level 1.1 Fighting
 - Level 1.8 Dodging
 - Level 6.4 Unarmed Combat
 - Level 4.7 Spellcasting
 + Level 12.3 Transmutations
 - Level 4.0 Ice Magic
 - Level 4.0 Poison Magic


You had 8 spell levels left.
You knew the following spells:

 Your Spells              Type           Power      Damage    Failure   Level
a - Beastly Appendage     Tmut           80%        N/A       1%          1
b - Wereblood             Tmut           40%        N/A       1%          2
c - Spider Form           Tmut/Pois      28%        N/A       1%          3
d - Ice Form              Ice/Tmut       28%        N/A       6%          4

Your spell library contained the following spells:

 Spells                   Type           Power      Damage    Failure   Level


Dungeon Overview and Level Annotations

Branches:
Dungeon (8/15)             Temple (1/1) D:6
   Lair: D:8-11

Altars:
Ashenzari
Cheibriados
Dithmenos
Elyvilon
Fedhas
Gozag
Hepliaklqana
Kikubaaqudgha
Makhleb
Nemelex Xobeh
Okawaru
Qazlal
Ru
Sif Muna
Trog
Uskayaw
Wu Jian
Xom
Zin
The Shining One

Portals:
Abyss: D:7

Annotations:
D:7 2 transporters, fly's ghost, novice FoDe
D:8 Harold


Innate Abilities, Weirdness & Mutations

You are a creature of crystalline ice.
You have a powerful freezing melee attack.
You are amphibious.
Your maximum health is increased.
Your armour is entirely melded.
You are incapable of wielding weapons or throwing items.
You cannot be hasted, slowed, berserked, paralysed or teleported.
You can dig through walls and to a lower floor.
((You have a pair of large antennae on your head. (SInv)))
Your four strong arms can wield two-handed weapons with a shield.
((Armour fits poorly on your strangely shaped body.))
You are robust. (+10% HP)


Message History

Harold hits you with a +0 battleaxe!
Unknown command.
You barely miss Harold.
Harold is heavily wounded.
Unknown command.
You hit Harold but do no damage.
Harold is heavily wounded.
Harold misses you.
Unknown command.
You hit Harold. You freeze Harold.
Harold is heavily wounded.
Harold hits you with a +0 battleaxe!!
Unknown command.
You hit Harold. You freeze Harold.
Harold is heavily wounded.
Harold hits you with a +0 battleaxe!
Unknown command.
You punch Harold! You freeze Harold.
Harold is almost dead.
Harold closely misses you.
Unknown command.
You punch Harold! You freeze Harold.
Harold is almost dead.
Harold hits you with a +0 battleaxe!
* * * LOW HITPOINT WARNING * * *
Unknown command.
You hit Harold but do no damage.
Harold is almost dead.
A wight comes into view. It is wielding a +6 trident.
Harold yells, "I don't have all day!"
Harold hits you with a +0 battleaxe!
* * * LOW HITPOINT WARNING * * *
Unknown command.
Okay, then.
You barely miss Harold.
Harold is almost dead.
You howl as the wereblood boils in your veins!
You hear a roar!
Harold hits you with a +0 battleaxe!
You die...

##.l.##!.....
#...####.....
##...#..##....
#........#{#...##..
#...
.........###...#..
#..
.........##...##.# {
#. .........##...#..#
.........#...##.#
#..........#.zl@Y.#
#.#........##.#####
#........{.....# .
#......###.######....
.....#.###...........
.....#..............#
..................###
.....<...............
.....................


You could see Harold, a wyvern and a wight.

Vanquished Creatures
  Prince Ribbit (D:6)
  Grinder (D:4)
  Sigmund (D:4)
  4 yaks (D:8)
  Menkaure (D:4)
  2 water moccasins
  Duvessa (D:6)
  An ice beast (D:8)
  A black bear (D:5)
  An orc warrior (D:6)
  2 sky beasts (D:6)
  An ogre (D:5)
  A bullfrog (D:6)
  A wyvern zombie (D:8)
  4 scorpions
  A water moccasin zombie (D:5)
  Dowan (D:6)
  A water moccasin skeleton (D:5)
  A wyvern skeleton (D:6)
  5 wights (D:5)
  A centaur skeleton (D:7)
  6 hounds
  3 orc priests (D:7)
  2 jellies
  2 bullfrog skeletons
  Jessica (D:3)
  3 iguanas (D:5)
  7 orc wizards
  A hound skeleton (D:3)
  2 adders
  3 gnolls (D:3)
  A white imp (D:7)
  An ufetubus (D:6)
  A worm (D:2)
  6 dart slugs
  14 orcs
  5 bats
  8 endoplasms
  2 giant cockroaches (D:1)
  7 goblins
  3 hobgoblins
  3 jackals (D:3)
  3 quokkas
  6 ball pythons
  5 frilled lizards
  A jackal skeleton (D:8)
  4 kobolds
  7 rats
140 creatures vanquished.

Vanquished Creatures (others)
  An orc (D:7)
  8 plants
9 creatures vanquished.

Grand Total: 149 creatures vanquished

Notes
Turn   | Place    | Note
-------+----------+-------------------------------------------
     0 | D:1      | Lavandula the Formicid Transmuter began the quest for the
                  | Orb.
     0 | D:1      | Reached XP level 1. HP: 15/15 MP: 3/3
   170 | D:1      | Reached XP level 2. HP: 13/21 MP: 3/5
   292 | D:1      | Learned a level 2 spell: Wereblood
   749 | D:1      | Reached XP level 3. HP: 24/26 MP: 6/6
   753 | D:1      | Learned a level 3 spell: Spider Form
   894 | D:1      | Reached skill level 1 in Poison Magic
  2230 | D:2      | Reached XP level 4. HP: 29/32 MP: 7/7
  3273 | D:3      | Reached skill level 3 in Transmutations
  3273 | D:3      | Reached XP level 5. HP: 24/37 MP: 1/8
  3456 | D:3      | Noticed Jessica
  3495 | D:3      | Killed Jessica
  3753 | D:3      | Gained mutation: Armour fits poorly on your strangely
                  | shaped body. [potion of mutation]
  3753 | D:3      | Gained mutation: You are robust. (+10% HP) [potion of
                  | mutation]
  3860 | D:3      | Found a sparkling altar of Nemelex Xobeh.
  4062 | D:4      | Noticed Menkaure
  4083 | D:3      | Learned a level 4 spell: Ice Form
  4124 | D:4      | Killed Menkaure
  4125 | D:4      | Reached XP level 6. HP: 46/47 MP: 7/13
  4291 | D:4      | Noticed Sigmund
  4303 | D:4      | Killed Sigmund
  4304 | D:4      | Reached XP level 7. HP: 41/52 MP: 11/14
  4488 | D:4      | Reached skill level 5 in Unarmed Combat
  4499 | D:4      | Found a burning altar of Makhleb.
  4526 | D:4      | Found a snail-covered altar of Cheibriados.
  4530 | D:4      | Found a white marble altar of Elyvilon.
  4534 | D:4      | Found a hide-covered altar of Uskayaw.
  4539 | D:4      | Found a shadowy altar of Dithmenos.
  4585 | D:4      | Found an opulent altar of Gozag.
  4655 | D:4      | Noticed Grinder
  4670 | D:4      | Killed Grinder
  5343 | D:5      | Entered Level 5 of the Dungeon
  5359 | D:5      | Reached XP level 8. HP: 54/59 MP: 12/15
  5919 | D:5      | Reached skill level 4 in Transmutations
  5924 | D:5      | Reached skill level 5 in Transmutations
  6336 | D:5      | Found a broken altar of Ashenzari.
  6389 | D:5      | Found a shimmering blue altar of Sif Muna.
  6572 | D:5      | Reached skill level 6 in Transmutations
  6572 | D:5      | Found an iron altar of Okawaru.
  6691 | D:5      | Reached XP level 9. HP: 60/64 MP: 9/16
  6934 | D:6      | Reached skill level 7 in Transmutations
  7166 | D:6      | Found a staircase to the Ecumenical Temple.
  7173 | D:6      | Reached skill level 8 in Transmutations
  7181 | Temple   | Entered the Ecumenical Temple
  7239 | Temple   | Became a worshipper of Ru the Awakened
  7500 | D:6      | Noticed Duvessa
  7500 | D:6      | Noticed Dowan
  7510 | D:6      | Killed Duvessa
  7513 | D:6      | Killed Dowan
  7518 | D:6      | Reached skill level 9 in Transmutations
  7747 | D:6      | Found a blossoming altar of Fedhas.
  7749 | D:6      | Found an ancient bone altar of Kikubaaqudgha.
  7797 | D:6      | Identified the +11 spear of the Chopping Scavenger {vamp,
                  | Will- Int+7}
  8011 | D:7      | Noticed Prince Ribbit
  8019 | D:7      | HP: 3/76 [orc wizard/magic dart (3)]
  8020 | D:7      | HP: 1/76 [Prince Ribbit (3)]
  8046 | D:6      | Killed Prince Ribbit
  8047 | D:6      | Reached skill level 10 in Transmutations
  8317 | D:7      | Reached XP level 10. HP: 71/71 MP: 12/17
  8389 | D:7      | Found a transporter.
  8401 | D:7      | Found the +8 demon trident "Rift" {distort, reach+}
  8403 | D:7      | Noticed a toenail golem
  8408 | D:7      | Noticed fly's ghost (novice FoDe)
  8413 | D:7      | Found a one-way gate to the infinite horrors of the Abyss.
  8469 | D:7      | Found a transporter.
  8992 | D:8      | Reached skill level 11 in Transmutations
  9093 | D:8      | Reached skill level 12 in Transmutations
  9330 | D:8      | Noticed Harold
  9368 | D:8      | Mangled by Harold

Illustrated notes

Levels and vault maps discovered:
D:1:      minmay_arrival_hallway, layout_basic
D:2:      layout_loops_ring, serial_bayou, serial_bayou_pond_a,
          serial_bayou_lagoon_a, serial_bayou_lagoon_b, serial_bayou_pond_e
D:3:      layout_loops_corners, mainiacjoe_overflow_alcove_4,
          minmay_misc_feat_four_crosses, serial_bayou_pond_a, minivault_25,
          uniq_jessica
D:4:      layout_basic, lemuel_crystal_altar, grunt_temple_overflow_open,
          kennysheep_flooded_box, hangedman_decor_riveting, uniq_sigmund,
          uniq_menkaure, uniq_grinder
D:5:      layout_basic, kennysheep_little_box, kennysheep_orc_sif_temple,
          kennysheep_okawaru_gauntlet, minmay_misc_feat_five
D:6:      layout_rooms, grunt_temple_overflow_growth_and_decay, temple_doors_e,
          columned_hall_lemuel, uniq_duvessa
D:7:      layout_basic, serial_curves, eino_curves_02, eino_curves_04,
          gammafunk_ghost_abyssal_escape, uniq_prince_ribbit1
D:8:      minmay_razor_zed, layout_rooms, dk_yredelemnul_ordeal, minivault_26,
          grunt_ministairs_10, uniq_harold, uniq_maggie
Temple:   jpeg_temple_island

Skill      XL: |  1  2  3  4  5  6  7  8  9 10 |
---------------+-------------------------------+-----
Poison Magic   | 2 4 |  4.0
Transmutations | 3 6 10 12 | 12.3
Spellcasting   | 4 |  4.7
Unarmed Combat | 4 6 |  6.4
Ice Magic      | 4 |  4.0
Fighting       | |  1.1
Dodging        | |  1.8

Action                   |  1- 3 |  4- 6 |  7- 9 | 10-12 || total
-------------------------+-------+-------+-------+-------++-------
Melee: Unarmed           |   113 |    80 |   181 |    50 ||   424
       Kick              |    18 |     4 |       |       ||    22
       Punch             |     1 |     2 |       |       ||     3
 Cast: Beastly Appendage |    18 |     7 |       |       ||    25
       Wereblood         |     2 |     2 |     8 |     2 ||    14
       Spider Form       |     1 |     8 |    12 |       ||    21
       Ice Form          |       |     1 |    16 |     6 ||    23
 Abil: End Transformatio |       |       |     1 |       ||     1
       Dig               |       |       |     1 |       ||     1
  Use: Scroll            |       |     3 |     3 |       ||     6
       Potion            |       |     1 |     2 |       ||     3
 Stab: Sleeping          |     2 |     2 |       |       ||     4
Armor: Robe              |    17 |     8 |       |       ||    25
       Skin              |       |     2 |    47 |     5 ||    54
Dodge: Dodged            |    48 |    61 |    80 |    24 ||   213

Table legend: (Time is in decaauts)
 A = Elapsed time spent in this place.
 B = Non-inter-level travel time spent in this place.
 C = Inter-level travel time spent in this place.
 D = Time resting spent in this place.
 E = Time spent auto-exploring this place.
 F = Levels seen in this place.
 G = Mean time per level.
                   A        B        C        D        E       F      G
               +--------+--------+--------+--------+--------+-----+--------+
         Total |   9412 |   9094 |    318 |   1144 |   6648 |   9 | 1045.8 |
       Dungeon |   9136 |   8832 |    304 |   1144 |   6401 |   8 | 1142.0 |
        Temple |    276 |    262 |     14 |      0 |    247 |   1 |  276.0 |
               +--------+--------+--------+--------+--------+-----+--------+

Top non-repeatable levels by time:
     D:5: 1577 daAuts
     D:3: 1409 daAuts
     D:1: 1377 daAuts
     D:2: 1325 daAuts
     D:4: 1251 daAuts
     D:6: 994 daAuts
     D:7: 987 daAuts
  Temple: 276 daAuts
     D:8: 214 daAuts
